 Dungeon Crawl Stone Soup version 0.20.0-15-g7f486f2 (webtiles) character file.

5124 tevo3000 the Cleaver (level 10, -20/74 HPs)
             Began as a Barachi Fighter on June 15, 2017.
             Was a Believer of Cheibriados.
             Killed by the air
             ... invoked by Gastronok
              (30 damage)
             ... on level 8 of the Dungeon.
             The game lasted 00:44:48 (6840 turns).

tevo3000 the Cleaver (Barachi Fighter)              Turns: 6840, Time: 00:44:48

Health: -20/74     AC: 15    Str: 24    XL:     10   Next: 58%
Magic:  0/11       EV: 10    Int: 12    God:    Cheibriados [**....]
Gold:   752        SH: 11    Dex: 19    Spells: 9/9 levels left

rFire    . . .     SeeInvis +   f - +2 hand axe (chop)
rCold    . . .     Gourm    .   c - +0 shield
rNeg     . . .     Faith    .   x - +0 plate armour
rPois    +         Spirit   +   A - +1 helmet
rElec    .         Reflect  .   (no cloak)
rCorr    .         Harm     .   p - +0 pair of gloves
MR       +....                  l - +0 pair of boots
Stlth    ..........             r - amulet of guardian spirit
Regen    0.3/turn               e - ring of see invisible
MPRegen  0.2/turn               y - ring of poison resistance

@: agile, very slow
A: +LOS, swims, claws 1, blink, clumsy 1, deformed body, dopey 1, high mp 1,
magic resistance 1, slowness 1, weak 1, evolution 1, strong legs 1
a: Hop, Blink, Bend Time, Renounce Religion


You were on level 8 of the Dungeon.
You worshipped Cheibriados.
Cheibriados was pleased with you.
You were not hungry.

You visited 2 branches of the dungeon, and saw 9 of its levels.
You also visited: Ossuary.

You collected 752 gold pieces.

Inventory:

Hand Weapons
 a - the +1 dagger "Beastslayer" {pierce, Str+6 Int-2 Dex-5 SInv, unknown}
   (You took it off a centaur on level 7 of the Dungeon)

   It inflicts extra damage upon your enemies.
   It affects your strength (+6).
   It affects your intelligence (-2).
   It affects your dexterity (-5).
   It lets you see invisible.
 f - a +2 hand axe of chopping (weapon)
Armour
 c - a +0 shield (worn)
 l - a +0 pair of boots (worn)
 p - a +0 pair of gloves (worn)
 x - a +0 plate armour (worn)
 A - a +1 helmet (worn)
Jewellery
 e - a ring of see invisible (left hand)
 r - an amulet of guardian spirit (around neck)
 y - a ring of poison resistance (right hand)
Wands
 b - a wand of paralysis (15/24)
 s - a wand of digging (4/24)
 B - a wand of acid (8/15)
 C - a wand of paralysis (9/24)
Scrolls
 g - 10 scrolls of identify
 h - a scroll of magic mapping
 i - 4 scrolls of enchant weapon
 j - a scroll of enchant armour
 n - 5 scrolls of fog
 o - 5 scrolls of remove curse
 q - 2 scrolls of immolation
 v - 4 scrolls of teleportation
 w - 3 scrolls of blinking
Potions
 m - a potion of brilliance
 z - 2 potions of flight
Comestibles
 d - 2 meat rations
 k - 11 royal jellies
 t - 5 bread rations


   Skills:
 + Level 5.3 Fighting
 + Level 12.6 Axes
 - Level 10.3 Armour
 * Level 6.0 Shields


You had 9 spell levels left.
You didn't know any spells.

Dungeon Overview and Level Annotations

Branches:
Dungeon (8/15)             Temple (1/1) D:7
   Lair: D:8-11

Altars:
Ashenzari
Cheibriados
Dithmenos
Elyvilon
Fedhas
Gozag
Hepliaklqana
Kikubaaqudgha
Makhleb
Nemelex Xobeh
Okawaru
Qazlal
Ru
Sif Muna
Trog
Uskayaw
Vehumet
Xom
Yredelemnul
Zin
The Shining One

Shops:
D:6 *

Annotations:
D:8 Gastronok


Innate Abilities, Weirdness & Mutations

Shadows flee at your approach. (+LOS)
You can swim through water.
You cover ground slowly.
You can hop short distances.
You have sharp fingernails.
You can translocate small distances at will.
You are clumsy. (Dex -2)
Armour fits poorly on your strangely shaped body.
You are dopey. (Int -2)
You have an increased reservoir of magic. (+10% MP)
You are resistant to hostile enchantments. (MR+)
You are weak. (Str -2)
You evolve.


Message History

Gastronok is severely wounded.
Your plate armour prevents you from hitting Gastronok.
Gastronok is severely wounded.
Gastronok bites you!!
* * * LOW HITPOINT WARNING * * *
Your shield and plate armour prevent you from hitting Gastronok.
Gastronok is severely wounded.
You hit Gastronok.
Gastronok is severely wounded.
Gastronok casts a spell at you. You resist with significant effort.
Things that are here:
a blowgun; 17 poisoned needles You feel agile all of a sudden.
Gastronok looks at you and mumbles some strange words.
You resist with significant effort.
There is an open door here.
Gastronok waves his eye-stalks in wide circles.
The air twists around and strikes you!
You die...

#..............####
#.#.#.#
#######........#
#.#.#>#
#........#######.#.#.#
#.......)).......#.#.#
#........#####.....#.#
#......w.# #...###.###
#######'## #...# #....
#.# #...# ##### #@#
###)..####### #.#
#............ #..
#.#.######.## .).#
#.#.........# ...#
#.#####...... ....#
#.# ##.†..._ ##### #.#
#....... #.# #....⌠..
#.####.......


You could see Gastronok.

Vanquished Creatures
  3 hippogriffs
  A yak (D:7)
  A vampire (D:7)
  A human (D:7)
  3 hogs (D:7)
  A wraith (Ossuary)
  A steam dragon (D:7)
  A water moccasin (D:7)
  An orc warrior (D:6)
  2 sky beasts
  2 ice beasts
  2 black bears
  3 phantoms
  3 ogres
  2 centaurs
  A big kobold (D:8)
  2 bullfrogs
  3 scorpions
  6 howler monkeys
  4 crimson imps
  An orc priest (D:5)
  8 hounds
  8 orc wizards
  2 bullfrog zombies
  A centaur skeleton (D:6)
  4 iguanas
  6 worker ants
  A killer bee zombie (D:6)
  3 hound skeletons
  A mummy (Ossuary)
  2 worker ant zombies
  3 gnolls (D:4)
  20 adders
  A howler monkey skeleton (D:4)
  4 oozes
  An adder zombie (D:5)
  6 worms
  3 dart slugs
  5 leopard geckos
  26 orcs
  10 giant cockroaches
  7 goblins
  4 hobgoblins
  20 jackals
  A quokka (D:2)
  4 ball pythons
  16 bats
  5 frilled lizards
  4 gnoll skeletons (Ossuary)
  A goblin zombie (D:7)
  12 kobolds
  6 kobold skeletons (Ossuary)
  A leopard gecko zombie (D:8)
  15 orc skeletons (Ossuary)
  8 rats
  A rat zombie (D:7)
  A spectral orc (D:8)
265 creatures vanquished.

Vanquished Creatures (others)
  A fungus (D:7)
1 creature vanquished.

Grand Total: 266 creatures vanquished

Notes
Turn   | Place    | Note
-------+----------+-------------------------------------------
     0 | D:1      | tevo3000 the Barachi Fighter began the quest for the Orb.
     0 | D:1      | Reached XP level 1. HP: 18/18 MP: 1/1
   164 | D:1      | Reached XP level 2. HP: 12/24 MP: 2/2
   389 | D:1      | Reached skill level 3 in Axes
   389 | D:1      | Reached XP level 3. HP: 13/29 MP: 3/3
  1113 | D:2      | Reached XP level 4. HP: 21/36 MP: 4/4
  1306 | D:2      | Reached skill level 4 in Axes
  1306 | D:2      | Reached skill level 5 in Armour
  1810 | D:3      | Reached XP level 5. HP: 32/41 MP: 5/5
  1988 | D:3      | Found a sacrificial altar of Ru.
  2012 | D:3      | Gained mutation: You are weak. (Str -2) [potion of mutation]
  2012 | D:3      | Gained mutation: You are resistant to hostile enchantments. (MR+) [potion of mutation]
  2012 | D:3      | Gained mutation: You can translocate small distances at will. [potion of mutation]
  2086 | D:3      | Reached skill level 5 in Axes
  2287 | D:3      | Reached XP level 6. HP: 47/47 MP: 6/6
  2535 | D:4      | Found a shadowy altar of Dithmenos.
  2892 | D:4      | Reached skill level 6 in Axes
  2937 | D:4      | Reached XP level 7. HP: 47/52 MP: 3/7
  2993 | D:4      | Found a glowing golden altar of the Shining One.
  3337 | D:5      | Entered Level 5 of the Dungeon
  3452 | D:5      | Reached skill level 7 in Axes
  3658 | D:5      | Reached XP level 8. HP: 53/59 MP: 6/8
  3677 | D:5      | Reached skill level 8 in Axes
  3735 | D:5      | Gained mutation: You evolve. [mutagenic meat]
  3736 | D:5      | Gained mutation: Your flesh is heat resistant. (rF+) [mutagenic meat]
  3737 | D:5      | Gained mutation: You are clumsy. (Dex -2) [mutagenic meat]
  4098 | D:5      | Gained mutation: You have sharp fingernails. [evolution]
  4217 | D:6      | Reached skill level 9 in Axes
  4574 | D:6      | Reached XP level 9. HP: 35/64 MP: 9/9
  4614 | D:6      | Reached skill level 10 in Axes
  4682 | D:6      | Found Zin's Purification Station.
  4685 | D:6      | Found a glowing silver altar of Zin.
  4872 | D:7      | Found a stormy altar of Qazlal.
  4873 | D:7      | Found a sparkling altar of Nemelex Xobeh.
  4873 | D:7      | Found a sparkling altar of Nemelex Xobeh.
  4873 | D:7      | Found a hazy altar of Hepliaklqana.
  4873 | D:7      | Found a stormy altar of Qazlal.
  4873 | D:7      | Found a sparkling altar of Nemelex Xobeh.
  4873 | D:7      | Found a basalt altar of Yredelemnul.
  4873 | D:7      | Found a stormy altar of Qazlal.
  4873 | D:7      | Found a bloodstained altar of Trog.
  4874 | D:7      | Found a shadowy altar of Dithmenos.
  4876 | D:7      | Found a shadowy altar of Dithmenos.
  4876 | D:7      | Found an opulent altar of Gozag.
  4883 | D:7      | Found a staircase to the Ecumenical Temple.
  4911 | D:7      | Found a sand-covered staircase.
  4928 | Ossuary  | Entered an ossuary
  5173 | D:7      | Reached skill level 11 in Axes
  5289 | Temple   | Entered the Ecumenical Temple
  5292 | Temple   | Became a worshipper of Cheibriados the Contemplative
  5437 | D:7      | Reached skill level 10 in Armour
  5480 | D:7      | Reached * piety under Cheibriados
  5625 | D:7      | Reached skill level 12 in Axes
  5637 | D:7      | Reached XP level 10. HP: 60/70 MP: 8/10
  5700 | D:7      | HP: 4/108 [water moccasin (2)]
  5774 | D:7      | HP: 1/73 [hippogriff (4)]
  5820 | D:7      | Reached skill level 5 in Shields
  5854 | D:7      | Lost mutation: Your flesh is heat resistant. (rF+) [mutagenic meat]
  5855 | D:7      | Gained mutation: Armour fits poorly on your strangely shaped body. [mutagenic meat]
  5856 | D:7      | Gained mutation: You are dopey. (Int -2) [mutagenic meat]
  5874 | D:7      | Got an uncursed slimy dagger {pierce}
  6309 | D:8      | Found a shimmering altar of Xom.
  6311 | D:8      | Found a hazy altar of Hepliaklqana.
  6315 | D:8      | Noticed a spectral ugly thing
  6394 | D:8      | Found an iron altar of Okawaru.
  6395 | D:8      | Found a shattered altar of Ashenzari.
  6417 | D:8      | Reached ** piety under Cheibriados
  6528 | D:8      | Reached skill level 5 in Fighting
  6598 | D:8      | Found a basalt altar of Yredelemnul.
  6728 | D:8      | Found a white marble altar of Elyvilon.
  6730 | D:8      | Gained mutation: You have an increased reservoir of magic. (+10% MP) [evolution]
  6800 | D:8      | Noticed Gastronok
  6840 | D:8      | Killed from afar by Gastronok

Skill      XL: |  1  2  3  4  5  6  7  8  9 10 |
---------------+-------------------------------+-----
Armour         | 4 5 6 7 8 10 | 10.3
Axes           | 3 4 5 6 7 9 12 | 12.6
Fighting       | 5 |  5.3
Shields        | 6 |  6.0

Action                   |  1- 3 |  4- 6 |  7- 9 | 10-12 || total
-------------------------+-------+-------+-------+-------++-------
Melee: War axe           |   102 |   228 |   240 |       ||   570
       Hand axe          |       |       |   274 |   226 ||   500
 Abil: Hop               |     1 |       |     2 |     1 ||     4
       Blink             |       |       |     1 |     3 ||     4
  Use: Potion            |       |     4 |    11 |     9 ||    24
       Scroll            |       |       |     2 |    11 ||    13
  Eat: Bread ration      |     1 |       |     1 |       ||     2
       Meat ration       |       |     1 |     1 |     1 ||     3
       Chunk             |       |       |     4 |     4 ||     8
Armor: Scale mail        |    86 |   108 |       |       ||   194
       Chain mail        |       |    82 |   124 |       ||   206
       Plate armour      |       |       |   226 |   108 ||   334
       Skin              |       |       |       |    11 ||    11
Dodge: Dodged            |    54 |    68 |    86 |    29 ||   237
Block: Shield            |    77 |   178 |   240 |   108 ||   603
